PCL
REDWOOD CITY REDWOODS @ CALGARY COWBOYS
09/10/2029
 
TOP OF THE 1ST
Redwood City Redwoods batting - Pitching for Calgary Cowboys : RHP William Bryan
Pitching: RHP William Bryan
Batting: RHB Jason Blair 0-0: Called Strike
0-1: Ball
1-1: Fly out, F9 (Flyball, 89D)
Batting: LHB César Rodríguez 0-0: Ball
1-0: Called Strike
1-1: Called Strike
1-2: Ball
2-2: Foul Ball, location: 2F
2-2: DOUBLE (Line Drive, 78XD)
Batting: LHB Tim Ramsey 0-0: Called Strike
0-1: Ball
1-1: Ground out 1-3 (Groundball, 13S)
César Rodríguez to third
Batting: LHB Marcos Vázquez 0-0: 2-RUN HOME RUN (Flyball, 7LD), Distance : 388 ft
Batting: RHB Gilberto León 0-0: Swinging Strike
0-1: Foul Ball, location: 2F
0-2: Ball
1-2: Strikes out looking
Top of the 1st over - 2 runs, 2 hits, 0 errors, 0 left on base; Redwood City 2 - Calgary 0
BOTTOM OF THE 1ST
Calgary Cowboys batting - Pitching for Redwood City Redwoods : RHP Will Jackson
Pitching: RHP Will Jackson
Batting: RHB Luis Ibarra 0-0: Foul Ball, location: 2F
0-1: Ball
1-1: Ball
2-1: Foul Ball, location: 2F
2-2: Ball
3-2: Base on Balls
Batting: LHB Del Kennedy 0-0: Swinging Strike
0-1: Called Strike
0-2: Ball
1-2: Foul Ball, location: 2F
1-2: Ball
2-2: SINGLE (Groundball, 4MD)
Luis Ibarra to second
Runner from 2nd tries for 3rd, SAFE, no throw
Batting: RHB Tom Rowe 0-0: Ball
1-0: Ball
2-0: Ball
3-0: Base on Balls
Del Kennedy to second
Batting: LHB Fred Abrams 0-0: Called Strike
0-1: Ball
1-1: Swinging Strike
1-2: SINGLE (Groundball, 34) (infield hit)
Luis Ibarra scores
Del Kennedy to third
Tom Rowe to second
Batting: RHB Shayne Burry 0-0: Ball
1-0: Ball
2-0: Fly out, F7 (Line Drive, 78S)
Runner from 3rd tags up, SCORES, no throw
Batting: LHB Russell Peck 0-0: Ball
Tom Rowe steals 3rd base
Fred Abrams to second
1-0: Ball
2-0: Ball
3-0: Called Strike
3-1: SINGLE (Groundball, 56D)
Tom Rowe scores
Fred Abrams to third
Runner from 3rd tries for Home, SAFE, no throw
Batting: LHB Freddy Herrera 0-0: Called Strike
0-1: Ball
1-1: Foul Ball, location: 2F
1-2: Foul Ball, location: 2F
1-2: Ball
2-2: Fielders Choice at 2nd, 2-6 (Groundball, 2R)
Batting: RHB Mario Sánchez 0-0: Called Strike
0-1: Called Strike
0-2: Foul Ball, location: 2F
0-2: Foul Ball, location: 2F
0-2: Ball
1-2: Ground out 4-3 (Groundball, 4)
Bottom of the 1st over - 4 runs, 3 hits, 0 errors, 1 left on base; Redwood City 2 - Calgary 4
TOP OF THE 2ND
Redwood City Redwoods batting - Pitching for Calgary Cowboys : RHP William Bryan
Batting: SHB Ryan Holcomb 0-0: Ball
1-0: Bunted foul
1-1: Foul Ball, location: 2F
1-2: Ball
2-2: Foul Ball, location: 2F
2-2: Ball
3-2: Foul Ball, location: 2F
3-2: Fly out, F9 (Line Drive, 89M)
Batting: LHB Dave Lee 0-0: Ball
1-0: Swinging Strike
1-1: Ground out 4-3 (Groundball, 4)
Batting: RHB Currito Campos 0-0: SINGLE (Groundball, 6MD)
Batting: RHB Jesús Cuevas 0-0: Called Strike
0-1: SINGLE (Groundball, 56D)
Currito Campos to second
Batting: RHB Jason Blair 0-0: Fly out, F7 (Flyball, 7)
Top of the 2nd over - 0 runs, 2 hits, 0 errors, 2 left on base; Redwood City 2 - Calgary 4
BOTTOM OF THE 2ND
Calgary Cowboys batting - Pitching for Redwood City Redwoods : RHP Will Jackson
Batting: RHB Travis Colbert 0-0: Ball
1-0: Ball
2-0: Fly out, F8 (Flyball, 78S)
Batting: RHB Luis Ibarra 0-0: Ball
1-0: Called Strike
1-1: SINGLE (Line Drive, 7S)
Batting: LHB Del Kennedy 0-0: Called Strike
Luis Ibarra steals 2nd base
0-1: Ball
1-1: Ball
2-1: Ball
3-1: Base on Balls
Batting: RHB Tom Rowe 0-0: Foul Ball, location: 2F
0-1: Foul Ball, location: 2F
0-2: Strikes out swinging
Batting: LHB Fred Abrams 0-0: Called Strike
0-1: Fly out, F7 (Flyball, 7LM)
Bottom of the 2nd over - 0 runs, 1 hit, 0 errors, 2 left on base; Redwood City 2 - Calgary 4
TOP OF THE 3RD
Redwood City Redwoods batting - Pitching for Calgary Cowboys : RHP William Bryan
Batting: LHB César Rodríguez 0-0: SINGLE (Line Drive, 78S)
Batting: LHB Tim Ramsey 0-0: Fly out, F8 (Flyball, 89XD)
Batting: LHB Marcos Vázquez 0-0: Ball
1-0: Ball
2-0: Foul Ball, location: 2F
2-1: Foul Ball, location: 2F
2-2: Strikes out swinging
Batting: RHB Gilberto León 0-0: Swinging Strike
0-1: Called Strike
0-2: Ball
1-2: Ball
2-2: Foul Ball, location: 2F
2-2: Ball
3-2: Foul Ball, location: 2F
3-2: Strikes out swinging
Top of the 3rd over - 0 runs, 1 hit, 0 errors, 1 left on base; Redwood City 2 - Calgary 4
BOTTOM OF THE 3RD
Calgary Cowboys batting - Pitching for Redwood City Redwoods : RHP Will Jackson
Batting: RHB Shayne Burry 0-0: SINGLE (Groundball, 4MD)
Batting: LHB Russell Peck 0-0: Foul Ball, location: 2F
0-1: Ball
1-1: Ball
2-1: Ball
3-1: Base on Balls
Shayne Burry to second
Batting: LHB Freddy Herrera 0-0: SINGLE (Flyball, 7LS)
Shayne Burry to third
Russell Peck to second
Batting: RHB Mario Sánchez 0-0: Ball
1-0: SINGLE (Line Drive, 7LS)
Shayne Burry scores
Russell Peck to third
Freddy Herrera to second
Batting: RHB Travis Colbert 0-0: Ball
1-0: DOUBLE (Flyball, 78D)
Russell Peck scores
Freddy Herrera scores
Mario Sánchez to third
Batting: RHB Luis Ibarra 0-0: Called Strike
0-1: Foul Ball, location: 2F
0-2: Ball
1-2: Fly out, F3 (Popup, 3SF)
Batting: LHB Del Kennedy 0-0: Ball
1-0: Ball
2-0: SINGLE (Groundball, 34D)
Mario Sánchez scores
Travis Colbert to third
Runner from 3rd tries for Home, SAFE, no throw
Batting: RHB Tom Rowe 0-0: Ball
1-0: Ball
Wild Pitch!
Del Kennedy to second
2-0: Ball
3-0: Called Strike
3-1: Base on Balls
Batting: LHB Fred Abrams 0-0: Ball
1-0: Ball
2-0: Foul Ball, location: 2F
2-1: Ball
3-1: SINGLE (Groundball, 34D)
Del Kennedy to third
Tom Rowe to second
Runner from 3rd tries for Home, SAFE, throw made home
Batting: RHB Shayne Burry 0-0: Called Strike
Tom Rowe steals 3rd base
Fred Abrams to second
0-1: Ball
1-1: Foul Ball, location: 2F
1-2: Ball
2-2: Ball
3-2: SINGLE (Groundball, 4D)
Tom Rowe scores
Fred Abrams to third
Runner from 3rd tries for Home, throw and OUT!
Batting: LHB Russell Peck 0-0: Called Strike
0-1: Swinging Strike
0-2: Ball
1-2: Ball
2-2: Fly out, F5 (Line Drive, 56S)
Bottom of the 3rd over - 7 runs, 7 hits, 0 errors, 1 left on base; Redwood City 2 - Calgary 11
TOP OF THE 4TH
Redwood City Redwoods batting - Pitching for Calgary Cowboys : RHP William Bryan
Batting: SHB Ryan Holcomb 0-0: Foul Ball, location: 2F
0-1: Ball
1-1: Foul Ball, location: 2F
1-2: Fly out, F8 (Flyball, 8RM)
Batting: LHB Dave Lee 0-0: Called Strike
0-1: Foul Ball, location: 2F
0-2: Strikes out looking
Batting: RHB Currito Campos 0-0: Ball
1-0: Called Strike
1-1: Swinging Strike
1-2: Ball
2-2: Strikes out swinging
Top of the 4th over - 0 runs, 0 hits, 0 errors, 0 left on base; Redwood City 2 - Calgary 11
BOTTOM OF THE 4TH
Calgary Cowboys batting - Pitching for Redwood City Redwoods : RHP Will Jackson
Batting: LHB Freddy Herrera 0-0: Called Strike
0-1: Ground out U3 (Groundball, 3)
Batting: RHB Mario Sánchez 0-0: SINGLE (Line Drive, 89S)
Batting: RHB Travis Colbert 0-0: Called Strike
0-1: SINGLE (Flyball, 9S)
Mario Sánchez to second
Runner from 2nd tries for 3rd, SAFE, no throw
Batting: RHB Luis Ibarra 0-0: Ball
Travis Colbert is caught stealing 2nd base
1-0: Swinging Strike
1-1: Foul Ball, location: 2F
1-2: Ball
2-2: Ball
3-2: Ground out 4-3 (Groundball, 4)
Bottom of the 4th over - 0 runs, 2 hits, 0 errors, 1 left on base; Redwood City 2 - Calgary 11
TOP OF THE 5TH
Redwood City Redwoods batting - Pitching for Calgary Cowboys : RHP William Bryan
Batting: RHB Jesús Cuevas 0-0: Swinging Strike
0-1: Ball
1-1: Foul Ball, location: 2F
1-2: Ground out 6-3 (Groundball, 6MD)
Batting: RHB Jason Blair 0-0: Called Strike
0-1: Ball
1-1: Ball
2-1: Ball
3-1: Called Strike
3-2: Fly out, F8 (Flyball, 8LS)
Batting: LHB César Rodríguez 0-0: Foul Ball, location: 2F
0-1: Ball
1-1: Ball
2-1: SINGLE (Line Drive, 6D)
Batting: LHB Tim Ramsey 0-0: Ground out U3 (Groundball, 34S)
Top of the 5th over - 0 runs, 1 hit, 0 errors, 1 left on base; Redwood City 2 - Calgary 11
BOTTOM OF THE 5TH
Calgary Cowboys batting - Pitching for Redwood City Redwoods : RHP Will Jackson
Batting: LHB Del Kennedy 0-0: Foul Ball, location: 2F
0-1: Ball
1-1: Called Strike
1-2: Ball
2-2: Ball
3-2: Base on Balls
Pitching: RHP Michael Díaz
Batting: RHB Tom Rowe 0-0: Ball
1-0: Ball
2-0: Swinging Strike
2-1: Swinging Strike
2-2: Foul Ball, location: 2F
2-2: Foul Ball, location: 2F
2-2: Ball
3-2: Base on Balls
Del Kennedy to second
Batting: LHB Fred Abrams 0-0: Called Strike
0-1: Ground out 4-3 (Groundball, 4S)
Del Kennedy to third
Tom Rowe to second
Batting: RHB Shayne Burry 0-0: Foul Ball, location: 2F
0-1: Ball
1-1: Ball
2-1: Foul Ball, location: 2F
2-2: Foul Ball, location: 2F
2-2: SINGLE (Groundball, 6MD)
Del Kennedy scores
Tom Rowe to third
Runner from 3rd tries for Home, SAFE, throw made home
Batting: LHB Russell Peck 0-0: Called Strike
0-1: Foul Ball, location: 2F
0-2: Ball
1-2: Ball
2-2: Ball
3-2: Foul Ball, location: 2F
3-2: Base on Balls
Shayne Burry to second
Batting: LHB Freddy Herrera 0-0: Ball
1-0: Called Strike
1-1: Ball
2-1: Ball
3-1: Base on Balls
Shayne Burry to third
Russell Peck to second
Batting: RHB Mario Sánchez 0-0: Ball
1-0: Grounds into double play, 5-4-3 (Groundball, 56)
Bottom of the 5th over - 2 runs, 1 hit, 0 errors, 2 left on base; Redwood City 2 - Calgary 13
TOP OF THE 6TH
Redwood City Redwoods batting - Pitching for Calgary Cowboys : RHP William Bryan
Batting: LHB Marcos Vázquez 0-0: Ball
1-0: Ball
2-0: Ball
3-0: Base on Balls
Batting: RHB Gilberto León 0-0: Called Strike
0-1: Ball
1-1: Swinging Strike
1-2: Strikes out looking
Batting: SHB Ryan Holcomb 0-0: Ball
1-0: Called Strike
1-1: Foul Ball, location: 2F
1-2: Ball
Marcos Vázquez steals 2nd base
2-2: Strikes out swinging
Batting: LHB Dave Lee 0-0: Ball
1-0: Ball
2-0: Ball
3-0: Base on Balls
Batting: RHB Currito Campos 0-0: Ball
1-0: Called Strike
1-1: Foul Ball, location: 2F
1-2: Ball
2-2: Ground out 4-3 (Groundball, 4)
Top of the 6th over - 0 runs, 0 hits, 0 errors, 2 left on base; Redwood City 2 - Calgary 13
BOTTOM OF THE 6TH
Calgary Cowboys batting - Pitching for Redwood City Redwoods : RHP Michael Díaz
Batting: RHB Travis Colbert 0-0: Ball
1-0: SINGLE (Groundball, 5S) (infield hit)
Batting: RHB Luis Ibarra 0-0: Called Strike
0-1: Foul Ball, location: 2F
0-2: Foul Ball, location: 2F
0-2: Ball
1-2: DOUBLE (Line Drive, 7LS)
Travis Colbert to third
Batting: LHB Del Kennedy 0-0: Ball
1-0: Ball
2-0: Ball
3-0: Called Strike
3-1: Base on Balls
Batting: RHB Tom Rowe 0-0: Called Strike
0-1: Ball
1-1: Fielders Choice at 2nd, 6-4 (Groundball, 6M)
Travis Colbert scores
Luis Ibarra to third
Batting: LHB Fred Abrams 0-0: Ball
Tom Rowe steals 2nd base
1-0: Ball
2-0: Called Strike
2-1: Swinging Strike
2-2: Ball
3-2: Foul Ball, location: 2F
3-2: Base on Balls
Pitching: LHP Patrick Carlson
Batting: RHB Shayne Burry 0-0: Ball
1-0: SINGLE (Groundball, 56D)
Luis Ibarra scores
Tom Rowe to third
Fred Abrams to second
Runner from 3rd tries for Home, SAFE, no throw
Batting: LHB Russell Peck 0-0: Called Strike
0-1: Foul Ball, location: 2F
0-2: Ball
1-2: Ball
2-2: SINGLE (Flyball, 7S)
Fred Abrams to third
Shayne Burry to second
Batting: LHB Freddy Herrera 0-0: Ball
1-0: Foul Ball, location: 2F
1-1: Ball
2-1: Called Strike
2-2: SINGLE (Groundball, 25) (infield hit)
Fred Abrams scores
Shayne Burry to third
Russell Peck to second
Batting: RHB Mario Sánchez 0-0: Ball
1-0: Foul Ball, location: 2F
1-1: SINGLE (Groundball, 34S) (infield hit)
Shayne Burry scores
Russell Peck to third
Freddy Herrera to second
Batting: RHB Travis Colbert 0-0: Grounds into double play, 5-4-3 (Groundball, 56)
Bottom of the 6th over - 5 runs, 6 hits, 0 errors, 2 left on base; Redwood City 2 - Calgary 18
TOP OF THE 7TH
Redwood City Redwoods batting - Pitching for Calgary Cowboys : RHP William Bryan
Batting: RHB Jesús Cuevas 0-0: Ball
1-0: Foul Ball, location: 2F
1-1: Called Strike
1-2: DOUBLE (Groundball, 5L)
Batting: RHB Jason Blair 0-0: Fly out, F4 (Flyball, 34D)
Batting: LHB César Rodríguez 0-0: Ball
1-0: Called Strike
1-1: Swinging Strike
1-2: Strikes out swinging
Batting: LHB Tim Ramsey 0-0: Ball
1-0: Ball
2-0: Fly out, F2 (Popup, 2LF)
Top of the 7th over - 0 runs, 1 hit, 0 errors, 1 left on base; Redwood City 2 - Calgary 18
BOTTOM OF THE 7TH
Calgary Cowboys batting - Pitching for Redwood City Redwoods : LHP Patrick Carlson
Batting: RHB Luis Ibarra 0-0: Called Strike
0-1: Swinging Strike
0-2: Ball
1-2: Fly out, F4 (Popup, 4)
Batting: LHB Del Kennedy 0-0: SINGLE (Line Drive, 78S)
Batting: RHB Tom Rowe 0-0: Ball
1-0: Ball
2-0: Ball
3-0: Base on Balls
Del Kennedy to second
Batting: LHB Fred Abrams 0-0: Swinging Strike
0-1: Called Strike
0-2: Strikes out looking
Batting: RHB Shayne Burry 0-0: Called Strike
0-1: Fly out, F7 (Line Drive, 78D)
Bottom of the 7th over - 0 runs, 1 hit, 0 errors, 2 left on base; Redwood City 2 - Calgary 18
TOP OF THE 8TH
Redwood City Redwoods batting - Pitching for Calgary Cowboys : RHP William Bryan
Now in CF: César Rodríguez
Now in RF: Alejandro Rojas
Batting: LHB Marcos Vázquez 0-0: Foul Ball, location: 2F
0-1: SINGLE (Groundball, 34D)
Batting: RHB Gilberto León 0-0: Hit by Pitch
Marcos Vázquez to second
Batting: SHB Ryan Holcomb 0-0: SINGLE (Flyball, 78S)
Marcos Vázquez to third
Gilberto León to second
Batting: LHB Dave Lee 0-0: Called Strike
0-1: SINGLE (Groundball, 34S) (infield hit)
Marcos Vázquez scores
Gilberto León to third
Ryan Holcomb to second
Batting: RHB Currito Campos 0-0: Ball
1-0: Foul Ball, location: 2F
1-1: Ball
2-1: Foul Ball, location: 2F
2-2: SINGLE (Groundball, 34D)
Gilberto León scores
Ryan Holcomb to third
Dave Lee to second
Pitching: RHP Bernardo Romero
Batting: RHB Jesús Cuevas 0-0: Ball
1-0: Called Strike
1-1: Foul Ball, location: 2F
1-2: Ball
2-2: Strikes out swinging
Batting: RHB Jason Blair 0-0: Ball
1-0: Foul Ball, location: 2F
1-1: Swinging Strike
1-2: Ball
2-2: Strikes out swinging
Batting: LHB César Rodríguez 0-0: Called Strike
0-1: Ball
1-1: Foul Ball, location: 2F
1-2: Ball
2-2: GRAND SLAM HOME RUN (Flyball, 7LD), Distance : 393 ft
Pinch Hitting: LHB Vicente Chávez 0-0: Called Strike
0-1: Ball
1-1: Called Strike
1-2: Ball
2-2: Strikes out swinging
Top of the 8th over - 6 runs, 5 hits, 0 errors, 0 left on base; Redwood City 8 - Calgary 18
BOTTOM OF THE 8TH
Calgary Cowboys batting - Pitching for Redwood City Redwoods : LHP Patrick Carlson
Now at 1B: Vicente Chávez
Batting: LHB Russell Peck 0-0: Called Strike
0-1: Ball
1-1: Ground out 4-3 (Groundball, 4)
Batting: LHB Freddy Herrera 0-0: Ball
1-0: SINGLE (Groundball, 56) (infield hit)
Batting: RHB Mario Sánchez 0-0: Ball
1-0: Called Strike
1-1: Ball
2-1: SINGLE (Groundball, 6MD)
Freddy Herrera to second
Batting: RHB Travis Colbert 0-0: Fly out, F9 (Flyball, 9S)
Batting: RHB Luis Ibarra 0-0: Foul Ball, location: 2F
0-1: Ball
1-1: Foul Ball, location: 2F
1-2: 3-RUN HOME RUN (Flyball, 7LD), Distance : 370 ft
Batting: RHB César Rodríguez 0-0: Ground out 6-3 (Groundball, 6M)
Bottom of the 8th over - 3 runs, 3 hits, 0 errors, 0 left on base; Redwood City 8 - Calgary 21
TOP OF THE 9TH
Redwood City Redwoods batting - Pitching for Calgary Cowboys : RHP Bernardo Romero
Batting: LHB Marcos Vázquez 0-0: Ball
1-0: Swinging Strike
1-1: Swinging Strike
1-2: Strikes out looking
Batting: RHB Gilberto León 0-0: Foul Ball, location: 2F
0-1: Ball
1-1: Ground out 6-3 (Groundball, 6)
Batting: SHB Ryan Holcomb 0-0: Called Strike
0-1: Foul Ball, location: 2F
0-2: Strikes out looking
Top of the 9th over - 0 runs, 0 hits, 0 errors, 0 left on base; Redwood City 8 - Calgary 21
Saturday, December 16th, 2017 - OOTP Baseball 18.8 Build 76